 Dungeon Crawl Stone Soup version 0.20-a0-949-g916514f (webtiles) character file.

151 Isola the Slasher (level 5, -8/32 HPs)
             Began as a Tengu Gladiator on Apr 4, 2017.
             Mangled by Sigmund
             ... wielding a +2 scythe of freezing
              (12 damage)
             ... on level 3 of the Dungeon.
             The game lasted 00:04:21 (2280 turns).

Isola the Slasher (Tengu Gladiator)                 Turns: 2280, Time: 00:04:22

Health: -8/32      AC:  4    Str: 15    XL:     5   Next: 33%
Magic:  4/6        EV: 16    Int: 14    God:
Gold:   93         SH:  0    Dex: 15    Spells: 4/4 levels left

rFire    . . .     SeeInvis .   a - +1 long sword
rCold    . . .     Gourm    .   (no shield)
rNeg     . . .     Faith    .   b - +0 leather armour
rPois    .         Spirit   .   c - +1 hat
rElec    .         Reflect  .   (no cloak)
rCorr    .         Harm     .   (no gloves)
MR       .....                  (boots unavailable)
Stlth    +.........             (no amulet)
Regen    0.1/turn               (no ring)
MPRegen  0.1/turn               (no ring)

@: confused, brilliant, flying quickly and evasively, quick
A: beak, talons 3, able to fly 1
a: no special abilities


You were on level 3 of the Dungeon.
You were not hungry.

You visited 1 branch of the dungeon, and saw 3 of its levels.

You collected 93 gold pieces.

Inventory:

Hand Weapons
 a - a +1 long sword (weapon)
Armour
 b - a +0 leather armour (worn)
 c - a +1 hat (worn)
Scrolls
 e - a scroll of immolation
 i - a scroll of blinking
Potions
 l - a potion of agility
 q - a potion of haste {unknown}
 t - a potion of might {unknown}
 v - a potion of curing {unknown}
Comestibles
 f - 5 bread rations
 g - 2 meat rations
 h - 4 royal jellies
 j - 3 chunks of flesh


   Skills:
 + Level 3.1 Fighting
 * Level 5.1 Long Blades
 - Level 2.0 Throwing
 + Level 4.2 Dodging


You had 4 spell levels left.
You didn't know any spells.

Dungeon Overview and Level Annotations

Branches:
Dungeon (3/15)

Altars:
Uskayaw

Annotations:
D:3 Natasha, Sigmund


Innate Abilities, Weirdness & Mutations

You have a beak for a mouth.
You have claws for feet.
You can fly.


Message History

Something wriggles in the net.
You slash something! You hit something. You claw something.
You hear some strange, mumbled words.
You are confused.
Something wriggles in the net.
You're too confused to move!
You barely miss something. You claw something.
Something wriggles in the net. x2
Something wriggles in the net.
You see here a scroll of blinking.
You bump into the rock wall.
Something wriggles in the net.
All of a sudden the net rips apart!
Something hits you!
* * * LOW HITPOINT WARNING * * *
Something freezes you.
* * * LOW HITPOINT WARNING * * *
It was a potion of brilliance.
You feel clever all of a sudden. Something hits you!
You die...

.... #.......# #.# #.###
.... #######.......# #.#
#.#.. .... .....(........#
#.# #.#<# ....
..............####.# #.###
.... ...............>##.#
#.... ....
..............#.##.# #####
....
........#######.##.#######
.... ..........#
#..........# ...#
.........@# #.#.#####.##
...# .........?# ###.#
..(....{..# #.#
#.........# #.#
#...(.....# #.#
#.........#######.#
#######(..........# ####
#.# ####........# #... ..#
#........#####.##


There were no monsters in sight!

Vanquished Creatures
  Natasha (D:3)
  A hound skeleton (D:3)
  6 adders
  2 oozes
  2 dart slugs
  A leopard gecko (D:2)
  An orc (D:3)
  5 bats
  5 giant cockroaches
  6 goblins
  4 hobgoblins
  A quokka (D:2)
  3 frilled lizards
  2 kobolds
  10 rats
50 creatures vanquished.

Vanquished Creatures (others)
  A kobold (D:3)
1 creature vanquished.

Grand Total: 51 creatures vanquished

Notes
Turn   | Place    | Note
-------+----------+-------------------------------------------
     0 | D:1      | Isola the Tengu Gladiator began the quest for the Orb.
     0 | D:1      | Reached XP level 1. HP: 12/12 MP: 2/2
   340 | D:1      | Reached XP level 2. HP: 17/17 MP: 3/3
   740 | D:2      | Reached skill level 4 in Long Blades
   740 | D:2      | Reached XP level 3. HP: 22/22 MP: 4/4
  1126 | D:2      | Reached XP level 4. HP: 17/27 MP: 5/5
  1543 | D:3      | Found a hide-covered altar of Uskayaw.
  1544 | D:3      | Noticed Natasha
  1556 | D:3      | Killed Natasha
  1556 | D:3      | Reached skill level 5 in Long Blades
  1556 | D:3      | Gained mutation: You can fly. [Tengu growth]
  1556 | D:3      | Reached XP level 5. HP: 15/32 MP: 6/6
  1755 | D:3      | Noticed Natasha
  1758 | D:3      | Noticed Sigmund
  2280 | D:3      | Mangled by Sigmund

Vault maps used:
D:1:      dpeg_arrival_ratfight, nrook_loot_triangle
D:3:      nicolae_overflow_crystal_walls, first_bread, lexackson_kobold_supper,
          uniq_sigmund, uniq_natasha, uniq_grinder

Skill      XL: |  1  2  3  4 |
---------------+-------------+-----
Long Blades    | 4 5 |  5.1
Dodging        | 4 |  4.2
Fighting       | 3 |  3.1
Throwing       | |  2.0

Action                   |  1- 3 |  4- 6 || total
-------------------------+-------+-------++-------
Melee: Long sword        |    65 |    60 ||   125
       Kick              |    16 |    23 ||    39
       Peck              |    10 |    11 ||    21
Throw: Throwing net      |       |     3 ||     3
 Abil: Fly               |       |     2 ||     2
  Use: Scroll            |       |    10 ||    10
       Potion            |       |     1 ||     1
 Stab: Sleeping          |     3 |       ||     3
       Held in net/web   |       |     1 ||     1
  Eat: Chunk             |     1 |     4 ||     5
Armor: Leather armour    |    15 |    11 ||    26
Dodge: Dodged            |    53 |    64 ||   117
       Rpst.: Long sword |    14 |    16 ||    30
